 Dungeon Crawl Stone Soup version 0.31-a0-1101-g9ad1905e61 (webtiles) character file.

Game seed: 11117738420264750000

28 Dirtsage the Changeling (level 3, -3/23 HPs)
             Began as an Octopode Shapeshifter on Dec 1, 2023.
             Slain by Terence
             ... wielding a +0 morningstar
              (12 damage)
             ... on level 2 of the Dungeon.
             The game lasted 00:02:24 (911 turns).

Dirtsage the Changeling (Octopode Shapeshifter)      Turns: 911, Time: 00:02:25

Health: -3/23      AC:  1    Str: 13    XL:     3   Next: 12%
Magic:  3/3        EV: 13    Int: 12    God:
Gold:   87         SH:  0    Dex: 19    Spells: 2/2 levels left

rFire   . .          .
                       - Unarmed
rCold   . . .        (no shield)
rNeg    . . .        (helmet currently unavailable)
rPois   .            (no amulet)
rElec   .            e - +6 ring of dexterity
rCorr   .            (no ring)
SInv    .            (no ring)
Will    .....        (no ring)
Stlth   +++          (no ring)
HPRegen 0.23/turn    (no ring)
MPRegen 0.08/turn    (no ring)
                     (no ring)

%: no passive effects
@: beast-form
A: beast (slay +2), almost no armour, amphibious, 8 rings, camouflage 1,
gelatinous body 1, (nimble swimmer 1), tentacles
a: Begin Untransformation


You were on level 2 of the Dungeon.
You were a hulking beast.
You visited 1 branch of the dungeon, and saw 2 of its levels.

You collected 87 gold pieces.

Inventory:

Jewellery
 e - a +6 ring of dexterity (left tentacle)
Talismans
 b - a beast talisman
 c - a flux talisman
Scrolls
 d - a scroll of enchant armour {unknown}
 f - a scroll of immolation {unknown}
 h - a scroll of vulnerability {unknown}
Potions
 a - a potion of lignification
 g - 2 potions of curing {unknown}


   Skills:
 + Level 1.6 Fighting
 - Level 2.0 Dodging
 + Level 3.3 Unarmed Combat
 * Level 3.5 Shapeshifting


You had 2 spell levels left.
You didn't know any spells.
Your spell library was empty.

Dungeon Overview and Level Annotations

Branches:
Dungeon (2/15)

Altars:

Annotations:
D:2 Terence


Innate Abilities, Weirdness & Mutations

You are a hulking beast.
Your limbs bulge with bestial killing power. (Slay +2)
You cannot wear most types of armour.
You are amphibious.
You can wear up to eight rings at the same time.
Your skin changes colour to match your surroundings (Stealth+).
Your rubbery body absorbs attacks. (AC +1, EV +1)
((You are camouflaged when in or above water. (Stealth+)))
You have tentacles for arms and can constrict up to eight enemies at once.


Message History

Health restored: 23 A dart slug is nearby!
Found a stone staircase leading up.
You bludgeon the dart slug! You grab the dart slug.
The dart slug is almost dead.
You constrict the dart slug.
You kill the dart slug!
No target in view!
h - a scroll labelled GIRIME VOPUAD A frilled lizard comes into view.
Terence the Incautious comes into view.
He is wielding a +0 morningstar.
The helpless frilled lizard fails to defend itself.
You tentacle-slap the frilled lizard.
You kill the frilled lizard!
You barely miss Terence. You grab Terence.
You constrict Terence, but do no damage.
Terence barely misses you.
You tentacle-slap Terence.
Terence is lightly wounded.
You constrict Terence, but do no damage.
Terence barely misses you.
You tentacle-slap Terence.
Terence is lightly wounded.
You constrict Terence, but do no damage.
Terence barely misses you.
You tentacle-slap Terence.
You tentacle-slap Terence, but do no damage.
You squeeze Terence.
Terence is severely wounded.
You constrict Terence.
Terence says, "Rest in peace."
Terence hits you with a +0 morningstar!
Ouch! That really hurt!
You take 14 damage, and have 9/23 hp.
MASSIVE DAMAGE!!
You completely miss Terence.
Terence is severely wounded.
You constrict Terence. Terence hits you with a +0 morningstar!
Ouch! That really hurt!
You die...
Terence says, "Rest in peace."

... ... .. ###
# ..#.. #. .#.#
#.. ..#
##...##.#####.#
...!..@h#...?.#
###.......# ##
#....#..## ..
#....#...##.#
#....##.....#
...... ##.####
...
..#....###.####
#..
..............#
..
##....###..#.#
.


You could see Terence.

Vanquished Creatures
  2 dart slugs
  2 bats (D:1)
  2 endoplasms
  2 hobgoblins (D:1)
  2 quokkas (D:1)
  2 frilled lizards
  3 goblins (D:1)
  3 kobolds (D:1)
  4 rats
22 creatures vanquished.

Notes
Turn   | Place    | Note
-------+----------+-------------------------------------------
     0 | D:1      | Dirtsage the Octopode Shapeshifter began the quest for the
                  | Orb.
     0 | D:1      | Reached XP level 1. HP: 13/13 MP: 1/1
   123 | D:1      | Reached XP level 2. HP: 18/18 MP: 2/2
   859 | D:2      | Reached XP level 3. HP: 20/23 MP: 3/3
   902 | D:2      | Noticed Terence
   911 | D:2      | Slain by Terence

Illustrated notes

Levels and vault maps discovered:
D:1:      kennysheep_arrival_seaside, layout_loops_ring, nicolae_eternal_life,
          nrook_uturn, minmay_pentomino_v4
D:2:      layout_basic, uniq_sigmund, uniq_terence

Action                     || total
---------------------------++-------
  Melee: Unarmed           ||    40
         Constrict         ||    13
         Tentacles         ||     8
         Punch             ||     3
   Stab: Sleeping          ||    11
 Armour: Skin              ||     9
  Dodge: Dodged            ||    15

Table legend: (Time is in decaauts)
 A = Elapsed time spent in this place.
 B = Non-inter-level travel time spent in this place.
 C = Inter-level travel time spent in this place.
 D = Time resting spent in this place.
 E = Time spent auto-exploring this place.
 F = Levels seen in this place.
 G = Mean time per level.
                   A        B        C        D        E       F      G
               +--------+--------+--------+--------+--------+-----+--------+
         Total |    907 |    866 |     41 |      0 |    731 |   2 |  453.5 |
       Dungeon |    907 |    866 |     41 |      0 |    731 |   2 |  453.5 |
               +--------+--------+--------+--------+--------+-----+--------+

Top non-repeatable levels by time:
     D:1: 810 daAuts
     D:2: 97 daAuts
